 Dungeon Crawl Stone Soup: Circus Animals version 1.7-37-g2c94cca (webtiles) character file.

299 Ihatecarrots00 the Chopper (level 6, -2/89 HPs) *STANDARD*
             Began as a Minotaur Berserker on Sept 2, 2016.
             Was a High Priest of Trog.
             Slain by an orc warrior
             ... wielding a +0 glaive
              (20 damage)
             ... on level 6 of the Dungeon.
             The game lasted 00:15:57 (7499 turns).

Ihatecarrots00 the Chopper (Minotaur Berserker)     Turns: 7499, Time: 00:15:57

Health: -2/89      AC:  9    Str: 24    XL:     6   Next: 87%
Magic:  75/75      EV:  5    Int:  4    God:    Trog [*****.]
Gold:   196        SH:  0    Dex:  9    Spells: 0 memorised, 5 levels left

rFire  . . .     rPois    .     n - +0 war axe
rCold  . . .     rElec    .     o - +0 plate armour
rNeg   . . .     rCorr    .     (no shield) MagicSh . . . SeeInvis .
                                (helmet restricted) StaminaSh . . . Faith .
                                (no cloak) RegenHP +++.......
SustAt .                        (no gloves) RegenSP +++....... Dismiss .
                                (no boots) RegenMP +++....... Reflect .
                                (no amulet)
MR     .....     Harm     .     (no ring)
Stlth  ..........               (no ring)

@: confused, tired, drained, slow, not resistant to hostile enchantments,
extremely unstealthy
A: retaliatory headbutt, horns 2
a: Berserk, Trog's Hand, Brothers in Arms, Burn Spellbooks, Renounce Religion


You were on level 6 of the Dungeon.
You worshipped Trog.
Trog was extremely pleased with you.
You were not hungry.

You visited 1 branch of the dungeon, and saw 6 of its levels.

You collected 312 gold pieces.
You spent 116 gold pieces at shops.

Inventory:

Hand Weapons
 a - a +0 hand axe
 n - a +0 war axe (weapon)
Armour
 b - a +0 animal skin
 c - a +2 scale mail
 f - a +0 ring mail
 h - a +0 chain mail
 o - a +0 plate armour (worn)
Jewellery
 d - an uncursed ring of see invisible {unknown}
 e - an uncursed ring of protection from magic {unknown}
 g - an uncursed ring of positive energy {unknown}
 i - an uncursed ring of resist corrosion {unknown}
 k - an uncursed amulet of magic shield {unknown}
 m - an uncursed amulet of stamina regeneration {unknown}
 p - an uncursed amulet of stamina shield {unknown}
Wands
 j - a wand of acid (4/15)
 l - a wand of disintegration (8/24)
Scrolls
 d - 2 scrolls of enchant weapon
 h - 2 scrolls of immolation
 j - a scroll of blinking
 l - 2 scrolls of random uselessness
 o - 6 scrolls of identify
 q - 2 scrolls of fog {unknown}
 r - 3 scrolls of teleportation
 u - 3 scrolls of enchant armour
 v - 2 scrolls of recharging
 w - a scroll of silence {unknown}
Potions
 a - 3 potions of heal wounds
 b - 8 potions of stamina
 c - 5 potions of magic
 e - 3 potions of might {unknown}
 f - 2 potions of agility {unknown}
 g - a potion of experience {unknown}
 i - 6 potions of curing {unknown}
 k - a potion of cure mutation {unknown}
 m - 2 potions of lignification {unknown}
 n - 4 potions of brilliance {unknown}
 p - a potion of beneficial mutation {unknown}
 s - a potion of invisibility {unknown}
 t - 3 potions of ambrosia {unknown}
 x - 3 potions of weak mutation
 z - a potion of haste {unknown}
 A - a potion of degeneration {unknown}


   Skills:
 + Level 5.4(5.0) Fighting
 + Level 5.9(5.4) Axes
 + Level 4.2(3.8) Armour
 + Level 4.0(3.6) Dodging


You had 5 spell levels left.
You didn't know any spells.

Dungeon Overview and Level Annotations

Branches:
Dungeon (6/7)

Altars:
Hepliaklqana
Makhleb
Pakellas
Trog
Yredelemnul
Jiyva

Shops:
D:4 *


Innate Abilities, Weirdness & Mutations

You reflexively headbutt those who attack you in melee.
You have a pair of horns on your head.


Message History

You are confused.
The orc warrior hits you but does no damage.
Something hits you but does no damage.
You are too confused!
You should not fight recklessly!
You are too confused!
You are too confused!
You are too confused!
You are too confused!
You are too confused!
You are too confused!
You are too confused!
You are too confused!
You are too confused!
You are too confused!
You are too confused!
You bump into the rock wall.
The orc warrior hits you with a glaive!! (hp-22)
* * * LOW HITPOINT WARNING * * *; Something hits you but does no damage.
Something hits you but does no damage.
The orc warrior hits you with a glaive!! (hp-20)
You die...

.#
#.......#
#+.#.#....#
.#
#.......#
..#..## #..
##
#.......#
#..#.. ..
####+#†##
.. #.))#
... ##..#
....
#..###.....
#){).......
#..@o......
#..........
#..........
#.........#
##...####.#
#.#.# # #.
.. .. ..


You could see an orc warrior.

Vanquished Creatures
  A water moccasin (D:5)
  A phantom (D:5)
  A sky beast (D:6)
  4 ogres
  2 orc warriors (D:6)
  2 giant frogs (D:6)
  Blork the orc (D:6)
  2 scorpions (D:6)
  3 wights (D:6)
  A crimson imp (D:5)
  A giant frog zombie (D:5)
  4 hounds (D:4)
  2 centaur skeletons
  6 orc priests
  4 orc wizards
  An iguana (D:5)
  3 worker ants
  A killer bee zombie (D:5)
  Terence (D:2)
  A hound skeleton (D:5)
  2 giant geckos (D:6)
  An ooze (D:2)
  30 orcs
  6 worms
  6 adders
  A ball python (D:5)
  5 giant cockroaches
  8 gnolls
  8 goblins
  5 hobgoblins
  2 jackals (D:2)
  9 kobolds
  10 quokkas
  3 adder skeletons
  4 bats
  7 giant newts
  A quokka skeleton (D:5)
  A quokka zombie (D:5)
  5 rats
  A spectral orc (D:6)
157 creatures vanquished.

Vanquished Creatures (others)
  A troll (D:3)
1 creature vanquished.

Grand Total: 158 creatures vanquished

Notes
Turn   | Place    | Note
-------+----------+-------------------------------------------
     0 | D:1      | Ihatecarrots00 the Minotaur Berserker began the quest for the Orb.
     0 | D:1      | Reached XP level 1. HP: 34/34 MP: 75/75
  1317 | D:2      | Noticed Terence
  1341 | D:2      | Killed Terence
  1368 | D:2      | Reached XP level 2. HP: 41/45 MP: 75/75
  1397 | D:2      | Reached ** piety under Trog
  1576 | D:2      | Reached XP level 3. HP: 56/56 MP: 75/75
  2296 | D:3      | Found a bloodstained altar of Trog.
  2368 | D:3      | Found an oddly glowing altar of Pakellas.
  2368 | D:3      | Noticed a troll
  2385 | D:3      | Killed a troll
  2554 | D:3      | Reached *** piety under Trog
  2708 | D:3      | Found a bloodstained altar of Trog.
  2713 | D:3      | Reached skill level 5 in Axes
  3120 | D:3      | Reached XP level 4. HP: 56/67 MP: 75/75
  3758 | D:4      | Found Lisse's Assorted Antiques.
  3814 | D:4      | Bought a scroll labeled CUYFOO DEIFF for 29 gold pieces
  3814 | D:4      | Bought 3 scrolls labeled DOTTAUREPP for 87 gold pieces
  3988 | D:4      | Reached **** piety under Trog
  4289 | D:4      | Reached XP level 5. HP: 78/78 MP: 75/75
  5478 | D:5      | Entered Level 5 of the Dungeon
  5604 | D:5      | Found a faded altar of an unknown god.
  5605 | D:5      | Found a faded altar of an unknown god.
  5605 | D:5      | Found a viscous altar of Jiyva.
  5619 | D:5      | Found a faded altar of an unknown god.
  5757 | D:5      | Reached skill level 5 in Fighting
  6058 | D:5      | Reached XP level 6. HP: 60/89 MP: 75/75
  6427 | D:5      | Found a hazy altar of Hepliaklqana.
  7228 | D:6      | Found a basalt altar of Yredelemnul.
  7276 | D:6      | Noticed Blork the orc
  7282 | D:6      | Killed Blork the orc
  7282 | D:6      | Reached ***** piety under Trog
  7344 | D:6      | Found a burning altar of Makhleb.
  7499 | D:6      | Slain by an orc warrior

Skill      XL: |  1  2  3  4  5  6 |
---------------+-------------------+-----
Dodging        | 3 4 |  4.0
Axes           | 5 |  5.9
Armour         | 3 4 |  4.2
Fighting       | 5 |  5.4

Action                   |  1- 3 |  4- 6 || total
-------------------------+-------+-------++-------
Melee: Hand axe          |   181 |   254 ||   435
       Headbutt          |    26 |    52 ||    78
       War axe           |       |    83 ||    83
  Use: Scroll            |     3 |     8 ||    11
Armor: Scale mail        |    58 |    16 ||    74
       Animal skin       |     4 |       ||     4
       Chain mail        |       |    93 ||    93
       Plate armour      |       |    55 ||    55
Dodge: Dodged            |   111 |   221 ||   332
